TOP OF THE 1ST |
Tijuana Toros batting - Pitching for Colorado Avalanche : LHP Josh Alvarez
|
Pitching: LHP Josh Alvarez
|
|
Batting: SHB Javy Franco
|
0-0: Ball 1-0: Bunted foul 1-1: Fly out, F7 (Flyball, 78S, EV 88.1 MPH)
|
Batting: RHB Adam Maczko
|
0-0: Swinging Strike 0-1: Foul Ball, location: 2F 0-2: SOLO HOME RUN (Flyball, 9D, EV 98.8 MPH), Distance : 393 ft
|
Batting: RHB John Hanson
|
0-0: Swinging Strike 0-1: Foul Ball, location: 2F 0-2: Foul Ball, location: 2F 0-2: Foul Ball, location: 2F 0-2: Ball 1-2: Strikes out looking
|
Batting: RHB Felipe Rivera
|
0-0: Ball 1-0: Foul Ball, location: 2F 1-1: Swinging Strike 1-2: Ball 2-2: DOUBLE (Line Drive, 7LS, EV 89.4 MPH)
|
Batting: LHB Pedro Garza
|
0-0: Ball 1-0: Called Strike 1-1: Ball 2-1: Called Strike 2-2: Strikes out swinging
|
Top of the 1st over - 1 run, 2 hits, 0 errors, 1 left on base; Tijuana 1 - Colorado 0 |
BOTTOM OF THE 1ST |
Colorado Avalanche batting - Pitching for Tijuana Toros : LHP Yok-sing Zhào
|
Pitching: LHP Yok-sing Zhào
|
|
Batting: LHB Nick Martin
|
0-0: Swinging Strike 0-1: Fly out, F9 (Flyball, 9, EV 91.9 MPH)
|
Batting: RHB Eric Delgado
|
0-0: Called Strike 0-1: Ball 1-1: Called Strike 1-2: Ground out 5-3 (Groundball, 56, EV 79.4 MPH)
|
Batting: RHB Seisaburo Edagawa
|
0-0: Ball 1-0: Swinging Strike 1-1: Fly out, F8 (Flyball, 8LD, EV 93.1 MPH)
|
Bottom of the 1st over - 0 runs, 0 hits, 0 errors, 0 left on base; Tijuana 1 - Colorado 0 |
TOP OF THE 2ND |
Tijuana Toros batting - Pitching for Colorado Avalanche : LHP Josh Alvarez
|
Batting: RHB Alex Diaz
|
0-0: Ball 1-0: Ball 2-0: Fly out, F9 (Flyball, 89M, EV 95.0 MPH)
|
Batting: RHB Yok-sing Zhào
|
0-0: Ball 1-0: Foul Ball, location: 2F 1-1: Swinging Strike 1-2: Ball 2-2: Strikes out swinging
|
Batting: SHB Erick Hamburger
|
0-0: Ball 1-0: Called Strike 1-1: Fly out, F7 (Line Drive, 78M, EV 93.8 MPH)
|
Top of the 2nd over - 0 runs, 0 hits, 0 errors, 0 left on base; Tijuana 1 - Colorado 0 |
BOTTOM OF THE 2ND |
Colorado Avalanche batting - Pitching for Tijuana Toros : LHP Yok-sing Zhào
|
Batting: RHB Bob Hayes
|
0-0: Called Strike 0-1: Swinging Strike 0-2: Ball 1-2: Foul Ball, location: 2F 1-2: Foul Ball, location: 2F 1-2: Ball 2-2: Foul Ball, location: 2F 2-2: Ball 3-2: Base on Balls
|
Batting: LHB Glenn Lowther
|
0-0: Called Strike 0-1: Ball 1-1: Fly out, F8 (Flyball, 78D, EV 98.1 MPH)
|
Batting: SHB Brad Madden
|
0-0: Ball 1-0: Fly out, F7 (Line Drive, 7S, EV 91.9 MPH)
|
Batting: RHB Carlos de Jesus
|
0-0: Foul Ball, location: 2F 0-1: Ball 1-1: Foul Ball, location: 2F 1-2: Ball 2-2: Foul Ball, location: 2F 2-2: Ball 3-2: Fly out, F8 (Flyball, 8RS, EV 76.2 MPH)
|
Bottom of the 2nd over - 0 runs, 0 hits, 0 errors, 1 left on base; Tijuana 1 - Colorado 0 |
TOP OF THE 3RD |
Tijuana Toros batting - Pitching for Colorado Avalanche : LHP Josh Alvarez
|
Batting: RHB Guillermo Puente
|
0-0: Ball 1-0: Ball 2-0: Called Strike 2-1: Ground out 4-3 (Groundball, 4, EV 100.6 MPH)
|
Batting: SHB Javy Franco
|
0-0: Called Strike 0-1: Foul Ball, location: 2F 0-2: Ball 1-2: Ball 2-2: Ball 3-2: Fly out, F5 (Popup, 56S, EV 82.5 MPH)
|
Batting: RHB Adam Maczko
|
0-0: Ball 1-0: Ball 2-0: SINGLE (Groundball, 56S, EV 66.9 MPH) (infield hit)
|
Batting: RHB John Hanson
|
0-0: Foul Ball, location: 2F 0-1: Ball 1-1: Called Strike 1-2: Fly out, F8 (Flyball, 8RD, EV 80.0 MPH)
|
Top of the 3rd over - 0 runs, 1 hit, 0 errors, 1 left on base; Tijuana 1 - Colorado 0 |
BOTTOM OF THE 3RD |
Colorado Avalanche batting - Pitching for Tijuana Toros : LHP Yok-sing Zhào
|
Batting: RHB Aaron Burnet
|
0-0: Foul Ball, location: 2F 0-1: Ball 1-1: Called Strike 1-2: Strikes out looking
|
Batting: RHB Mike Chiquete
|
0-0: Ball 1-0: Foul Ball, location: 2F 1-1: Swinging Strike 1-2: Strikes out looking
|
Batting: LHB Nick Martin
|
0-0: Ball 1-0: Ball 2-0: Ball 3-0: Base on Balls
|
Batting: RHB Eric Delgado
|
0-0: Ball 1-0: Ball 2-0: Foul Ball, location: 2F 2-1: Ball 3-1: Fielders Choice at 2nd, 6-4 (Groundball, 6, EV 91.2 MPH)
|
Bottom of the 3rd over - 0 runs, 0 hits, 0 errors, 1 left on base; Tijuana 1 - Colorado 0 |
TOP OF THE 4TH |
Tijuana Toros batting - Pitching for Colorado Avalanche : LHP Josh Alvarez
|
Batting: RHB Felipe Rivera
|
0-0: Ball 1-0: Foul Ball, location: 2F 1-1: Ball 2-1: Ball 3-1: Base on Balls
|
Batting: LHB Pedro Garza
|
0-0: Foul Ball, location: 2F 0-1: Ball 1-1: Swinging Strike 1-2: Ball 2-2: Fly out, F8 (Flyball, 8LD, EV 103.1 MPH)
|
Batting: RHB Alex Diaz
|
0-0: SINGLE (Groundball, 56D, EV 103.8 MPH) Felipe Rivera to second
|
Batting: RHB Yok-sing Zhào
|
0-0: Called Strike 0-1: Swinging Strike 0-2: Ball 1-2: Foul Ball, location: 2F 1-2: Strikes out swinging
|
Batting: SHB Erick Hamburger
|
0-0: Ball 1-0: Swinging Strike 1-1: Swinging Strike 1-2: Ball 2-2: Foul Ball, location: 2F 2-2: Strikes out swinging
|
Top of the 4th over - 0 runs, 1 hit, 0 errors, 2 left on base; Tijuana 1 - Colorado 0 |
BOTTOM OF THE 4TH |
Colorado Avalanche batting - Pitching for Tijuana Toros : LHP Yok-sing Zhào
|
Batting: RHB Seisaburo Edagawa
|
0-0: Ground out 4-3 (Groundball, 34, EV 102.5 MPH)
|
Batting: RHB Bob Hayes
|
0-0: Ball 1-0: SINGLE (Groundball, 4MD, EV 105.0 MPH)
|
Batting: LHB Glenn Lowther
|
0-0: Swinging Strike 0-1: SINGLE (Groundball, 4MD, EV 95.6 MPH) Bob Hayes to second Runner from 2nd tries for 3rd, SAFE, throw by CF made to third
|
Batting: SHB Brad Madden
|
0-0: Ball Glenn Lowther steals 2nd base 1-0: Called Strike 1-1: Fly out, F8 (Flyball, 8RM, EV 91.2 MPH)
|
Batting: RHB Carlos de Jesus
|
0-0: Ball 1-0: Foul Ball, location: 2F 1-1: Ball 2-1: Ball 3-1: 3-RUN HOME RUN (Flyball, 89XD, EV 110.6 MPH), Distance : 436 ft
|
Batting: RHB Aaron Burnet
|
0-0: Called Strike 0-1: Swinging Strike 0-2: Foul Ball, location: 2F 0-2: Strikes out swinging
|
Bottom of the 4th over - 3 runs, 3 hits, 0 errors, 0 left on base; Tijuana 1 - Colorado 3 |
TOP OF THE 5TH |
Tijuana Toros batting - Pitching for Colorado Avalanche : LHP Josh Alvarez
|
Batting: RHB Guillermo Puente
|
0-0: Fly out, F8 (Flyball, 8LXD, EV 96.2 MPH)
|
Batting: SHB Javy Franco
|
0-0: Foul Ball, location: 2F 0-1: Ball 1-1: Foul Ball, location: 2F 1-2: Ball 2-2: Foul Ball, location: 2F 2-2: Strikes out looking
|
Batting: RHB Adam Maczko
|
0-0: Fly out, F4 (Popup, 34S, EV 79.4 MPH)
|
Top of the 5th over - 0 runs, 0 hits, 0 errors, 0 left on base; Tijuana 1 - Colorado 3 |
BOTTOM OF THE 5TH |
Colorado Avalanche batting - Pitching for Tijuana Toros : LHP Yok-sing Zhào
|
Batting: RHB Mike Chiquete
|
0-0: Called Strike 0-1: Foul Ball, location: 2F 0-2: Ball 1-2: Ball 2-2: Strikes out swinging
|
Batting: LHB Nick Martin
|
0-0: Foul Ball, location: 2F 0-1: Foul Ball, location: 2F 0-2: Ball 1-2: Ball 2-2: Foul Ball, location: 2F 2-2: Foul Ball, location: 2F 2-2: Ball 3-2: Ground out 4-3 (Groundball, 4M, EV 84.4 MPH)
|
Batting: RHB Eric Delgado
|
0-0: Ball 1-0: Called Strike 1-1: Swinging Strike 1-2: Strikes out swinging
|
Bottom of the 5th over - 0 runs, 0 hits, 0 errors, 0 left on base; Tijuana 1 - Colorado 3 |
TOP OF THE 6TH |
Tijuana Toros batting - Pitching for Colorado Avalanche : LHP Josh Alvarez
|
Batting: RHB John Hanson
|
0-0: Called Strike 0-1: Ground out 6-3 (Groundball, 6S, EV 79.4 MPH)
|
Batting: RHB Felipe Rivera
|
0-0: Ground out 5-3 (Groundball, 56S, EV 85.6 MPH)
|
Batting: LHB Pedro Garza
|
0-0: Ball 1-0: SINGLE (Line Drive, 9S, EV 105.6 MPH)
|
Batting: RHB Alex Diaz
|
0-0: Called Strike 0-1: Foul Ball, location: 2F 0-2: Ball 1-2: Ball 2-2: Fly out, F8 (Flyball, 8RD, EV 105.0 MPH)
|
Top of the 6th over - 0 runs, 1 hit, 0 errors, 1 left on base; Tijuana 1 - Colorado 3 |
BOTTOM OF THE 6TH |
Colorado Avalanche batting - Pitching for Tijuana Toros : LHP Yok-sing Zhào
|
Batting: RHB Seisaburo Edagawa
|
0-0: Foul Ball, location: 2F 0-1: Fly out, F9 (Flyball, 89S, EV 85.0 MPH)
|
Batting: RHB Bob Hayes
|
0-0: Ball 1-0: Ball 2-0: Foul Ball, location: 2F 2-1: Ball 3-1: Ground out 6-3 (Groundball, P, EV 85.0 MPH)
|
Batting: LHB Glenn Lowther
|
0-0: Foul Ball, location: 2F 0-1: Ball 1-1: Called Strike 1-2: Ball 2-2: Ball 3-2: Foul Ball, location: 2F 3-2: Foul Ball, location: 2F 3-2: Strikes out looking
|
Bottom of the 6th over - 0 runs, 0 hits, 0 errors, 0 left on base; Tijuana 1 - Colorado 3 |
TOP OF THE 7TH |
Tijuana Toros batting - Pitching for Colorado Avalanche : LHP Josh Alvarez
|
Batting: RHB Yok-sing Zhào
|
0-0: Ball 1-0: Foul Ball, location: 2F 1-1: Foul Ball, location: 2F 1-2: Ball 2-2: Foul Ball, location: 2F 2-2: Ball 3-2: Ground out 5-3 (Groundball, 56S, EV 67.5 MPH)
|
Pinch Hitting: RHB Djoka Subasic
|
0-0: Called Strike 0-1: Ball 1-1: Called Strike 1-2: Foul Ball, location: 2F 1-2: Fly out, F9 (Flyball, 89M, EV 91.2 MPH)
|
Pinch Hitting: LHB Jose Diaz
|
0-0: Ground out 3-1 (Groundball, 34, EV 103.8 MPH)
|
Top of the 7th over - 0 runs, 0 hits, 0 errors, 0 left on base; Tijuana 1 - Colorado 3 |
BOTTOM OF THE 7TH |
Colorado Avalanche batting - Pitching for Tijuana Toros : LHP Yok-sing Zhào
|
Now at SS: Djoka Subasic
|
|
Now in CF: Alex Noval
|
|
Batting: SHB Brad Madden
|
0-0: Ball 1-0: Ball 2-0: Ball 3-0: Foul Ball, location: 2F 3-1: Ground out 5-3 (Groundball, 56S, EV 87.5 MPH)
|
Batting: RHB Carlos de Jesus
|
0-0: Ball 1-0: Ball 2-0: Ball 3-0: Called Strike 3-1: Called Strike 3-2: Base on Balls
|
Pitching: RHP Chris Nightingale
|
|
Pinch Hitting: LHB Zane Kelton
|
0-0: Ball 1-0: Ball 2-0: 2-RUN HOME RUN (Flyball, 9D, EV 98.1 MPH), Distance : 382 ft
|
Pinch Hitting: LHB Georges Lambert
|
0-0: Ball 1-0: Foul Ball, location: 2F 1-1: Ball 2-1: Ball 3-1: Base on Balls
|
Batting: LHB Nick Martin
|
0-0: Ball 1-0: Foul Ball, location: 2F 1-1: Fly out, F8 (Flyball, 89M, EV 83.8 MPH)
|
Batting: RHB Eric Delgado
|
0-0: Called Strike Georges Lambert steals 2nd base 0-1: Foul Ball, location: 2F 0-2: Ball 1-2: Ground out 5-3 (Groundball, 5, EV 104.4 MPH)
|
Bottom of the 7th over - 2 runs, 1 hit, 0 errors, 1 left on base; Tijuana 1 - Colorado 5 |
TOP OF THE 8TH |
Tijuana Toros batting - Pitching for Colorado Avalanche : LHP Josh Alvarez
|
Now at SS: Zane Kelton
|
|
Now in CF: Ken Griffey IV
|
|
Batting: SHB Javy Franco
|
0-0: Called Strike 0-1: Foul Ball, location: 2F 0-2: Foul Ball, location: 2F 0-2: Ball 1-2: Fly out, F8 (Flyball, 8LS, EV 83.8 MPH)
|
Batting: RHB Adam Maczko
|
0-0: Ball 1-0: Called Strike 1-1: Ball 2-1: DOUBLE (Line Drive, 89M, EV 96.2 MPH)
|
Batting: RHB John Hanson
|
0-0: Called Strike 0-1: Ball 1-1: Called Strike 1-2: Foul Ball, location: 2F 1-2: Strikes out swinging
|
Batting: RHB Felipe Rivera
|
0-0: Called Strike 0-1: Ball 1-1: Foul Ball, location: 2F 1-2: Ball 2-2: Foul Ball, location: 2F 2-2: 2-RUN HOME RUN (Flyball, 7D, EV 101.2 MPH), Distance : 398 ft
|
Pinch Hitting: RHB Carlos Gonzalez
|
0-0: Ball 1-0: Hit by Pitch
|
Pitching: LHP Dan Ott
|
|
Pinch Hitting: RHB Guo Kwok
|
0-0: Called Strike 0-1: Ground out 1-3 (Groundball, 13S, EV 73.8 MPH)
|
Top of the 8th over - 2 runs, 2 hits, 0 errors, 1 left on base; Tijuana 3 - Colorado 5 |
BOTTOM OF THE 8TH |
Colorado Avalanche batting - Pitching for Tijuana Toros : RHP Chris Nightingale
|
Now in LF: Jerry Afghani
|
|
Now in RF: Tan-ming Kwan
|
|
Batting: RHB Seisaburo Edagawa
|
0-0: Fly out, F9 (Line Drive, 9, EV 90.0 MPH)
|
Batting: RHB Bob Hayes
|
0-0: Ball 1-0: Foul Ball, location: 2F 1-1: SOLO HOME RUN (Flyball, 89XD, EV 100.6 MPH), Distance : 429 ft
|
Batting: LHB Glenn Lowther
|
0-0: Ball 1-0: Called Strike 1-1: Swinging Strike 1-2: Strikes out swinging
|
Batting: SHB Brad Madden
|
0-0: Called Strike 0-1: Ball 1-1: Swinging Strike 1-2: Ball 2-2: Foul Ball, location: 2F 2-2: Fly out, F7 (Flyball, 7, EV 96.9 MPH)
|
Bottom of the 8th over - 1 run, 1 hit, 0 errors, 0 left on base; Tijuana 3 - Colorado 6 |
TOP OF THE 9TH |
Tijuana Toros batting - Pitching for Colorado Avalanche : LHP Dan Ott
|
Batting: RHB Jaylen North
|
0-0: Foul Ball, location: 2F 0-1: Ball 1-1: SOLO HOME RUN (Flyball, 9D, EV 98.8 MPH), Distance : 381 ft
|
Batting: RHB Djoka Subasic
|
0-0: Ball 1-0: Ball 2-0: Foul Ball, location: 2F 2-1: Fly out, F8 (Line Drive, 8RD, EV 86.2 MPH)
|
Batting: SHB Alex Noval
|
0-0: Called Strike 0-1: Swinging Strike 0-2: Foul Ball, location: 2F 0-2: SINGLE (Groundball, 3S, EV 71.2 MPH) (infield hit)
|
Batting: SHB Javy Franco
|
0-0: Called Strike 0-1: Called Strike 0-2: Ball 1-2: Foul Ball, location: 2F 1-2: Ball 2-2: Foul Ball, location: 2F 2-2: Ball 3-2: Fly out, F7 (Flyball, 78M, EV 88.8 MPH)
|
Pitching: LHP Juan Vargas
|
|
Batting: RHB Adam Maczko
|
0-0: Ball 1-0: Called Strike 1-1: Ball 2-1: Ball 3-1: Called Strike 3-2: Strikes out looking
|
Top of the 9th over - 1 run, 2 hits, 0 errors, 1 left on base; Tijuana 4 - Colorado 6 |
|